 Dungeon Crawl Stone Soup version 0.29.1-15-g9cfb28693d (webtiles) character file.

Game seed: 16073314383399900344

13071 Heoruswealwe the Eclecticist (level 11, -7/70 HPs)
             Began as a Deep Elf Earth Elementalist on May 4, 2023.
             Was a High Priest of Sif Muna.
             Mangled by a death yak (15 damage)
             ... on level 11 of the Dungeon.
             The game lasted 01:46:32 (9608 turns).

Heoruswealwe the Eclecticist (DEEE)                 Turns: 9608, Time: 01:46:33

Health: -7/70      AC: 28    Str:  5    XL:     11   Next: 70%
Magic:  0/37       EV: 13    Int: 31    God:    Sif Muna [*****.]
Gold:   1002       SH:  0    Dex: 15    Spells: 16/44 levels left

rFire   . . .      SeeInvis .   b - +3 battleaxe
rCold   . . .      Faith    .   (shield currently unavailable)
rNeg    + . .      Spirit   .   (body armour currently unavailable)
rPois   ∞          Reflect  .   (no helmet)
rElec   +          Harm     .   h - +0 cloak
rCorr   .          Rampage  .   (gloves currently unavailable)
Will    ++...                   (boots currently unavailable)
Stlth   ++........              i - amulet of regeneration
HPRegen 1.01/turn               k - +6 ring of intelligence
MPRegen 0.25/turn               j - ring of willpower

@: statue-form, very slow
A: slow and powerful, torment resistance 1, boosted hp, talons 1, high MP 1
a: End Transformation, Renounce Religion, Channel Magic, Forget Spell, Divine
Exegesis


You were on level 11 of the Dungeon.
You worshipped Sif Muna.
Sif Muna was extremely pleased with you.
You were a living statue of rough stone.
You visited 2 branches of the dungeon, and saw 12 of its levels.

You collected 1086 gold pieces.
You spent 84 gold pieces at shops.

Inventory:

Hand Weapons
 b - a +3 battleaxe (weapon)
Armour
 c - a +1 robe (melded)
 f - a +0 pair of gloves (melded)
 h - a +0 cloak (worn)
Magical Staves
 l - a staff of conjuration
Jewellery
 e - an amulet of magic regeneration
 i - an amulet of regeneration (around neck)
 j - a ring of willpower (right fist)
 k - a +6 ring of intelligence (left fist)
 A - an amulet of reflection
Wands
 w - a wand of acid (11)
 x - a wand of digging (6)
 z - a wand of polymorph (8)
 B - a wand of roots (8)
Scrolls
 g - 3 scrolls of enchant armour
 s - 3 scrolls of teleportation
 t - 2 scrolls of identify
 v - 4 scrolls of amnesia
 y - a scroll of enchant weapon
Potions
 a - 3 potions of magic
 m - 2 potions of ambrosia
 p - a potion of resistance
 q - a potion of cancellation
 r - a potion of brilliance
 C - 2 potions of might
Miscellaneous
 d - a lightning rod (4/4)


   Skills:
 - Level 3.0 Dodging
 - Level 3.1 Stealth
 + Level 17.1 Spellcasting
 - Level 1.8 Transmutations
 + Level 14.7 Earth Magic


You had 16 spell levels left.
You knew the following spells:

 Your Spells              Type           Power      Damage    Failure   Level
a - Sandblast             Erth           100%       2d20      0%          1
b - Stone Arrow           Conj/Erth      100%       3d13      1%          3
c - Petrify               Tmut/Erth      67%        N/A       1%          4
d - Animate Armour        Summ/Erth      100%       N/A       1%          4
e - Statue Form           Tmut/Erth      44%        N/A       9%          6
f - Lehudib's Crystal Sp  Conj/Erth      32%        10d8      99%         8
z - Passwall              Tmut/Erth      55%        N/A       1%          2

Your spell library contained the following spells:

 Spells                   Type           Power      Damage    Failure   Level
 Sting                    Tmut/Pois      100%       1d8       1%          1
 Summon Small Mammal      Summ           100%       N/A       1%          1
 Blink                    Tloc           52%        N/A       2%          2
 Poisonous Vapours        Pois/Air       52%        N/A       2%          2
 Static Discharge         Conj/Air       26%        3-7/arc   2%          2
 Sublimation of Blood     Necr           26%        N/A       2%          2
 Spider Form              Tmut/Pois      32%        N/A       3%          3
 Call Canine Familiar     Summ           26%        N/A       4%          3
 Ozocubu's Armour         Ice            26%        N/A       4%          3
 Portal Projectile        Hex/Tloc       52%        N/A       4%          3
 Summon Guardian Golem    Hex/Summ       26%        N/A       4%          3
 Tukima's Dance           Hex            26%        N/A       4%          3
 Corpse Rot               Necr/Pois/Air  26%        N/A       16%         4
 Dispel Undead            Necr           26%        3d13      16%         4
 Olgreb's Toxic Radiance  Pois           26%        N/A       16%         4
 Sticky Flame             Conj/Fire      26%        2d5       16%         4
 Blade Hands              Tmut           19%        N/A       21%         5
 Alistair's Intoxication  Tmut/Pois      21%        N/A       30%         5
 Irradiate                Conj/Tmut      16%        3d17      30%         5
 Manifold Assault         Tloc           26%        N/A       41%         5
 Metabolic Englaciation   Hex/Ice        13%        N/A       41%         5
 Malign Gateway           Summ/Tloc      13%        N/A       100%        7
 Ozocubu's Refrigeration  Ice            13%        4d10      100%        7
 Storm Form               Tmut/Air       16%        N/A       100%        7
 Summon Hydra             Summ           13%        N/A       100%        7


Dungeon Overview and Level Annotations

Branches:
Dungeon (11/15)            Temple (1/1) D:5             Orc (0/2) D:9
   Lair: D:8-11

Altars:
Ashenzari
Cheibriados
Dithmenos
Elyvilon
Fedhas
Gozag
Hepliaklqana
Kikubaaqudgha
Makhleb
Nemelex Xobeh
Okawaru
Qazlal
Ru
Sif Muna
Trog
Uskayaw
Vehumet
Wu Jian
Xom
Yredelemnul
Zin
The Shining One

Shops:
D:6 *

Portals:
Abyss: D:5

Annotations:
D:5 2 transporters, SharpKris's ghost, novice GnFi


Innate Abilities, Weirdness & Mutations

You are a living statue of rough stone.
Your actions are slow, but your melee attacks are powerful.
You are resistant to unholy torment.
Your maximum health is greatly increased.
You are immune to poison.
Your equipment is partially melded.
You have sharp toenails.
You have an increased reservoir of magic. (+10% MP)


Message History

Aiming: Sandblast (safe; 0% risk of failure)
Press: ? - help, Shift-Dir - straight line, f - yak
Aim: a yak (91% to hit)
The blast of sand hits the yak!
The yak is moderately wounded.
A yak comes into view.
Casting: Sandblast (safe; 0% risk of failure)
Confirm with . or Enter, or press ? or * to list all spells.
Aiming: Sandblast (safe; 0% risk of failure)
Press: ? - help, Shift-Dir - straight line, f - death yak
Aim: a death yak (95% to hit)
The blast of sand hits the death yak but does no damage.
The death yak gores you. The death yak gores you!
* * * LOW HITPOINT WARNING * * *
The death yak snorts and paws the ground.
The death yak gores you!
* * * LOW HITPOINT WARNING * * *
Okay, then.
As you read the scroll of fear, it crumbles to dust.
You assume a fearsome visage.
The death yak resists with almost no effort.
The yak looks frightened! x2
The death yak gores you but does no damage.
As you read the scroll of teleportation, it crumbles to dust.
You feel strangely unstable.
The death yak gores you but does no damage.
The death yak gores you.
* * * LOW HITPOINT WARNING * * *
Casting: Sandblast (safe; 0% risk of failure)
Confirm with . or Enter, or press ? or * to list all spells.
Aiming: Sandblast (safe; 0% risk of failure)
Press: ? - help, Shift-Dir - straight line, f/p - death yak
Aim: a death yak (95% to hit)
The blast of sand hits the death yak but does no damage.
Your surroundings suddenly seem different.
A komodo dragon and a yak come into view.
The yak misses you.
The death yak gores you but does no damage.
The death yak gores you!
You die...

#......................
#......................
#....<.................
##......................
........................
.#......##.Y.#........o.
........##....Y...........
.#......##..Y............
..# .###........#..#8.......
#.# .###....>^..#.#YYY..##.#
#.##
.##..#.........W###.##.##
#..#
.....#......####........##
#..#
#..###......##...###.....##
#..# ..##
#...)....).).........####...
.##
#.....###.########.......O.#
## #....####.# #.......#..
######....###..#
##.......###


You could see 2 death yaks, 4 yaks, a wraith and an orc (wandering).

Vanquished Creatures
  A two-headed ogre (D:11)
  3 death yaks (D:11)
  Pikel (D:7)
  2 gargoyles (D:10)
  4 kobold demonologists
  A troll (D:11)
  The ghost of Soleod the Insei, an amateur DsTm (D:6)
  Grinder (D:5)
  2 vampires (D:10)
  Eustachio (D:5)
  6 yaks
  2 wraiths
  5 steam dragons
  A vampire mosquito (D:10)
  Menkaure (D:7)
  3 acid dragons
  Duvessa (D:7)
  A water moccasin (D:7)
  6 orc warriors
  3 sky beasts (D:10)
  A black bear (D:5)
  An ice beast (D:8)
  An ogre (D:6)
  3 centaurs
  2 phantoms
  5 kobold brigands
  3 bullfrogs
  2 necrophages
  A scorpion (D:5)
  4 gnoll sergeants
  A water moccasin zombie (D:7)
  4 wights
  Dowan (D:7)
  23 killer bees
  4 howler monkeys (D:10)
  2 centaur zombies (D:7)
  3 hounds
  2 jellies
  10 orc priests
  Crazy Yiuf (D:7)
  A gnoll bouda (D:8)
  Natasha (thrice) (D:2)
  9 orc wizards
  A killer bee zombie (D:7)
  2 howler monkey zombies (D:7)
  18 gnolls
  9 adders
  A shadow imp (D:8)
  An ufetubus (D:5)
  A worm (D:2)
  3 dart slugs
  49 orcs
  5 bats
  6 endoplasms
  2 giant cockroaches
  6 goblins
  3 hobgoblins
  7 jackals
  A quokka (D:5)
  5 ball pythons
  4 frilled lizards
  13 kobolds
  A rat (D:3)
  17 bushes (D:9)
288 creatures vanquished.

Vanquished Creatures (others)
  10 fungi
  21 plants
  9 withered plants (D:7)
40 creatures vanquished.

Grand Total: 328 creatures vanquished

Notes
Turn   | Place    | Note
-------+----------+-------------------------------------------
     0 | D:1      | Heoruswealwe the Deep Elf Earth Elementalist began the
                  | quest for the Orb.
     0 | D:1      | Reached XP level 1. HP: 10/10 MP: 6/6
   123 | D:1      | Reached XP level 2. HP: 13/15 MP: 5/8
   126 | D:1      | Learned a level 2 spell: Passwall
   296 | D:1      | Found a faded altar of an unknown god.
   299 | D:1      | Prayed at the altar of an unknown god.
   299 | D:1      | Became a worshipper of Sif Muna the Loreminder
   299 | D:1      | Reached * piety under Sif Muna
  1057 | D:2      | Reached XP level 3. HP: 16/19 MP: 6/9
  1061 | D:2      | Learned a level 3 spell: Stone Arrow
  1462 | D:2      | Noticed Natasha
  1469 | D:2      | Killed Natasha
  1470 | D:2      | Reached skill level 4 in Spellcasting
  1470 | D:2      | Reached XP level 4. HP: 18/24 MP: 10/12
  2066 | D:2      | Noticed Natasha
  2072 | D:2      | Killed Natasha
  2160 | D:2      | Noticed Natasha
  2161 | D:2      | Killed Natasha
  2162 | D:2      | Reached XP level 5. HP: 28/28 MP: 14/14
  2465 | D:3      | Found a stormy altar of Qazlal.
  2470 | D:3      | Reached skill level 5 in Spellcasting
  2470 | D:3      | Found a snail-covered altar of Cheibriados.
  2471 | D:3      | Found a glowing golden altar of the Shining One.
  2524 | D:3      | Identified the +2 chain mail of Ykuriets {rPois Str+9 Dex+6
                  | Stlth-}
  2631 | D:3      | Reached ** piety under Sif Muna
  2634 | D:3      | Reached skill level 5 in Earth Magic
  2692 | D:3      | Gained mutation: You have an increased reservoir of magic.
                  | (+10% MP) [potion of mutation]
  2692 | D:3      | Gained mutation: You have sharp toenails. [potion of
                  | mutation]
  2838 | D:4      | Learned a level 4 spell: Petrify
  2906 | D:4      | Reached XP level 6. HP: 25/32 MP: 14/18
  2911 | D:4      | Reached skill level 6 in Spellcasting
  3542 | D:5      | Entered Level 5 of the Dungeon
  3542 | D:5      | Found a transporter.
  3545 | D:5      | Noticed an ancient zyme
  3641 | D:5      | Reached skill level 7 in Spellcasting
  3641 | D:5      | Reached XP level 7. HP: 29/36 MP: 16/21
  3811 | D:5      | Found a staircase to the Ecumenical Temple.
  3823 | Temple   | Entered the Ecumenical Temple
  4035 | D:5      | Reached skill level 8 in Spellcasting
  4046 | D:5      | Noticed Grinder
  4051 | D:5      | Killed Grinder
  4051 | D:5      | Reached *** piety under Sif Muna
  4071 | D:5      | Reached XP level 8. HP: 41/41 MP: 16/24
  4115 | D:5      | Found an ornate altar of the Wu Jian Council.
  4198 | D:5      | Noticed Eustachio
  4205 | D:5      | Killed Eustachio
  4206 | D:5      | Reached skill level 9 in Spellcasting
  4231 | D:5      | Found a sacrificial altar of Ru.
  4273 | D:5      | Found a transporter.
  4275 | D:5      | Noticed SharpKris's ghost (novice GnFi)
  4291 | D:5      | Found a one-way gate to the infinite horrors of the Abyss.
  4429 | D:6      | Found a runed translucent door.
  4432 | D:6      | Noticed Soleod's ghost (amateur DsTm)
  4441 | D:6      | Killed Soleod's ghost
  4442 | D:6      | Reached skill level 10 in Spellcasting
  4574 | D:6      | Found Laschas's Assorted Antiques.
  4605 | D:6      | Bought a scroll labelled VIZXOGI XAISM for 28 gold pieces
  4605 | D:6      | Bought a scroll of identify for 56 gold pieces
  4834 | D:7      | Noticed Menkaure
  4838 | D:7      | Killed Menkaure
  4849 | D:7      | Noticed Duvessa
  4849 | D:7      | Noticed Dowan
  4871 | D:7      | Reached XP level 9. HP: 41/45 MP: 23/28
  4873 | D:7      | Reached skill level 11 in Spellcasting
  4915 | D:7      | Killed Duvessa
  4919 | D:7      | Killed Dowan
  5051 | D:7      | Reached skill level 10 in Earth Magic
  5109 | D:7      | Noticed Pikel
  5116 | D:7      | Killed Pikel
  5116 | D:7      | Reached **** piety under Sif Muna
  5117 | D:7      | Reached skill level 12 in Spellcasting
  5505 | D:7      | Found a runed translucent door.
  5506 | D:7      | Noticed Crazy Yiuf
  5511 | D:7      | Killed Crazy Yiuf
  5777 | D:7      | Identified a scroll of acquirement
  5778 | D:7      | Acquired 447 gold pieces
  5905 | D:8      | Reached skill level 13 in Spellcasting
  5916 | D:8      | Learned a level 4 spell: Animate Armour
  5925 | D:8      | Learned a level 8 spell: Lehudib's Crystal Spear
  6454 | D:8      | Reached XP level 10. HP: 41/50 MP: 28/31
  7127 | D:9      | Noticed a sun demon
  7139 | D:9      | Noticed an orange demon
  7157 | D:9      | Reached ***** piety under Sif Muna
  7167 | D:9      | Noticed an orange demon
  7331 | D:9      | Found a staircase to the Orcish Mines.
  7353 | D:9      | Reached skill level 14 in Spellcasting
  7353 | D:9      | Received a gift from Sif Muna
  7354 | D:9      | Got Sif Muna's Codex of Putrescence and the Legion {god
                  | gift}
  7534 | D:9      | Learned a level 6 spell: Statue Form
  7589 | D:9      | Found a blossoming altar of Fedhas.
  8272 | D:10     | Entered Level 10 of the Dungeon
  8394 | D:10     | Noticed a gargoyle
  8401 | D:10     | Killed a gargoyle
  8402 | D:10     | Reached skill level 15 in Spellcasting
  8903 | D:10     | Noticed a gargoyle
  8913 | D:10     | Reached XP level 11. HP: 31/54 MP: 32/35
  8952 | D:10     | Reached skill level 16 in Spellcasting
  9423 | D:11     | Noticed a two-headed ogre
  9429 | D:11     | Noticed a death yak
  9463 | D:11     | Killed a death yak
  9583 | D:11     | Killed a two-headed ogre
  9587 | D:11     | Noticed a death yak
  9588 | D:11     | Noticed a death yak
  9591 | D:11     | Noticed a death yak
  9598 | D:11     | Killed a death yak
  9603 | D:11     | Noticed a death yak
  9603 | D:11     | Killed a death yak
  9604 | D:11     | Reached skill level 17 in Spellcasting
  9608 | D:11     | Mangled by a death yak

Illustrated notes

Levels and vault maps discovered:
D:1:      spicycebolla_arrival_clurvy, layout_basic,
          shapermc_ecumenical_altar_mp_urbaneastern, minmay_misc_feat_doors
D:2:      layout_basic, uniq_natasha
D:3:      layout_basic, chequers_temple_overflow_statue_of_worship,
          grunt_ministairs_9
D:4:      layout_loops_ring
D:5:      layout_loops_ring, mainiacjoe_overflow_alcove_1,
          nzn_wu_jian_council_hall, minmay_temple_entry_poolview,
          gammafunk_ghost_abyssal_escape, uniq_grinder, uniq_eustachio
D:6:      layout_rooms, ebering_ghost_reflecting_pool, serial_shops,
          nicolae_shop_overgrown_old_shop
D:7:      layout_loops_corners, serial_undead, serial_undead_b, serial_undead_c,
          serial_undead_b, serial_undead_a, uniq_menkaure,
          uniq_crazy_yiuf_cottage, uniq_duvessa, uniq_pikel
D:8:      layout_basic, nicolae_figureground_sparkle
D:9:      layout_long_grid, fedhas_bush_and_centaur_altar, hiddenorc2_lemuel
D:10:     minmay_four_partial_circles, layout_basic, hangedman_misty_isle
D:11:     layout_rooms, dpeg_lair_monsters
Temple:   nicolae_temple_superstar

Skill      XL: |  1  2  3  4  5  6  7  8  9 10 11 |
---------------+----------------------------------+-----
Stealth        | 3 |  3.1
Dodging        | 3 |  3.0
Spellcasting   | 4 5 7 8 10 13 15 17 | 17.1
Earth Magic    | 4 5 6 7 9 11 13 14 | 14.7
Transmutations | |  1.8

Action                   |  1- 3 |  4- 6 |  7- 9 | 10-12 || total
-------------------------+-------+-------+-------+-------++-------
Melee: Spear             |   222 |       |    21 |       ||   243
       Unarmed           |    86 |       |       |       ||    86
       Punch             |     5 |       |       |       ||     5
       Kick              |       |       |    31 |   206 ||   237
       Battleaxe         |       |       |    20 |   299 ||   319
 Cast: Sandblast         |    43 |    77 |   127 |   215 ||   462
       Passwall          |       |     2 |       |       ||     2
       Stone Arrow       |       |       |     9 |    42 ||    51
       Statue Form       |       |       |       |     2 ||     2
  Use: Potion            |     6 |     2 |     1 |     8 ||    17
       Scroll            |     5 |     5 |     9 |     4 ||    23
Armor: Robe              |       |     2 |     8 |    29 ||    39
       Skin              |       |       |       |    59 ||    59
Dodge: Dodged            |    17 |    23 |    50 |   118 ||   208
